 Dungeon Crawl Stone Soup version 0.28-a0-519-gbfeecf2fc5 (webtiles) character file.

Game seed: 2605942309813189105

606 serber55 the Unweaver (level 7, -6/55 HPs)
             Began as a Demonspawn Abyssal Knight on Sept 23, 2021.
             Was a Follower of Lugonu.
             Mangled by Blork the orc (8 damage)
             ... on level 5 of the Dungeon.
             The game lasted 00:13:51 (6101 turns).

serber55 the Unweaver (Demonspawn Abyssal Knight)   Turns: 6101, Time: 00:13:53

Health: -6/55      AC:  4    Str: 14      XL:     7   Next: 19%
Magic:  10/10      EV: 12    Int: 12 (13) God:    Lugonu [*.....]
Gold:   257        SH:  0    Dex: 12 (13) Spells: 6/6 levels left

rFire   . . .      SeeInvis .   a - +4 falchion
rCold   x . .      Faith    .   (no shield)
rNeg    + + +      Spirit   .   b - +0 leather armour
rPois   .          Reflect  .   p - +0 helmet "Peoco" {rElec rC- rN+++ rCorr}
rElec   +          Harm     .   (no cloak)
rCorr   +          Rampage  .   (no gloves)
Will    .....      Clarity  +   (no boots)
Stlth   +.........              (no amulet)
HPRegen 0.18/turn               k - ring of wizardry
MPRegen 0.12/turn               (no ring)

@: no status effects
A: powered by pain 1, demonic magic 3, clarity, electricity resistance, wild
magic 1, sturdy frame 1
a: Renounce Religion, Depart the Abyss


You were on level 5 of the Dungeon.
You worshipped Lugonu.
Lugonu was aware of your devotion.
You visited 1 branch of the dungeon, and saw 5 of its levels.
You visited the Abyss 1 time.

You collected 257 gold pieces.

Inventory:

Hand Weapons
 a - a +4 falchion (weapon)
Armour
 b - a +0 leather armour (worn)
 m - a +0 helmet
 p - the +0 helmet "Peoco" (worn) {rElec rC- rN+++ rCorr}
   (You took it off Robin on level 1 of the Dungeon)

   rC:        It makes you vulnerable to cold.
   rElec:     It insulates you from electricity.
   rN:        It renders you almost immune to negative energy.
   rCorr:     It protects you from acid and corrosion.
Jewellery
 k - a ring of wizardry (left hand)
Scrolls
 c - a scroll of holy word
 i - a scroll of amnesia
Potions
 e - a potion of attraction
 f - a potion of mutation


   Skills:
 + Level 4.6 Fighting
 * Level 4.7 Long Blades
 - Level 1.7 Armour
 + Level 3.1 Dodging
 + Level 5.1 Invocations


You had 6 spell levels left.
You didn't know any spells.
Your spell library was empty.

Dungeon Overview and Level Annotations

Branches:
Dungeon (5/15)
 Temple: D:4-7

Altars:

Annotations:
D:5 Blork the orc


Innate Abilities, Weirdness & Mutations

You sometimes gain a little power by taking damage.
Spells you cast and wands you use may paralyse nearby enemies.
You possess an exceptional clarity of mind.
You are resistant to electric shocks. (rElec)
Your spells are a little harder to cast, but a little more powerful.
Your movements are slightly less encumbered by armour. (ER -2)


Message History

Blork the orc barely misses you.
Blork the orc hits you with a +2 long sword of distortion.
Space bends around you.
Blork the orc hits you with a +2 long sword of distortion!
Space bends around you. Blork the orc closely misses you.
The adder bites you but does no damage. The adder barely misses you.
There is a stone staircase leading up here.
Blork the orc hits you with a +2 long sword of distortion.
Space bends around you. The adder bites you but does no damage.
Blork the orc hits you with a +2 long sword of distortion.
You blink.
You can't go up here!
As you read the scroll labelled QOBBUS BAKHA, it crumbles to dust.
You hear a loud clanging noise!
It was a scroll of noise.
You hear a shout!
You hear an angry hiss.
Okay, then.
You closely miss Blork the orc. Blork the orc closely misses you.
Blork the orc barely misses you. The adder barely misses you.
You slash Blork the orc!
Blork the orc is moderately wounded.
Blork the orc hits you with a +2 long sword of distortion!
Space bends around you.
* * * LOW HITPOINT WARNING * * *
The adder barely misses you. Blork the orc misses you.
You slash Blork the orc!
Blork the orc is severely wounded.
The adder closely misses you.
Blork the orc hits you with a +2 long sword of distortion!
* * * LOW HITPOINT WARNING * * *
Space bends around you.
* * * LOW HITPOINT WARNING * * *
Okay, then.
You closely miss Blork the orc.
Blork the orc is severely wounded.
The adder barely misses you.
Blork the orc hits you with a +2 long sword of distortion.
* * * LOW HITPOINT WARNING * * *
Space warps horribly around you!
You die...

##########
...).....#####
............@#
...........So#
............<#
.............#
.............#
##....###....######...
##.................#
#. ..........###### #
..............#


You could see Blork the orc (fast) and an adder.

Vanquished Creatures
  Menkaure (D:4)
  A black bear (D:2)
  A sky beast (D:4)
  A necrophage (D:4)
  A jelly (D:5)
  A hound (D:4)
  A killer bee zombie (D:5)
  Robin (D:1)
  4 adders
  4 worms
  2 dart slugs
  3 orcs
  4 ball pythons
  6 bats
  6 endoplasms
  3 giant cockroaches
  7 goblins
  5 hobgoblins
  10 jackals
  7 kobolds
  2 quokkas (D:1)
  A frilled lizard (D:2)
  3 rats (D:1)
75 creatures vanquished.

Vanquished Creatures (others)
  2 plants (D:2)
2 creatures vanquished.

Grand Total: 77 creatures vanquished

Notes
Turn   | Place    | Note
-------+----------+-------------------------------------------
     0 | Abyss:1  | serber55 the Demonspawn Abyssal Knight began the quest for
                  | the Orb.
     0 | Abyss:1  | Reached XP level 1. HP: 18/18 MP: 2/2
   183 | Abyss:1  | Found a corrupted altar of Lugonu.
   246 | Abyss:1  | Noticed a small abomination
   308 | Abyss:2  | Noticed a neqoxec
   309 | D:1      | Escaped the Abyss
   417 | D:1      | Reached skill level 1 in Dodging
   448 | D:1      | Reached * piety under Lugonu
   518 | D:1      | Gained mutation: Spells you cast may paralyse adjacent
                  | enemies. [demonic ancestry]
   518 | D:1      | Reached XP level 2. HP: 20/24 MP: 4/4
  1618 | D:2      | Reached skill level 3 in Invocations
  1618 | D:2      | Gained mutation: Spells you cast may paralyse nearby
                  | enemies. [demonic ancestry]
  1618 | D:2      | Reached XP level 3. HP: 25/29 MP: 5/5
  2463 | D:2      | Identified the +0 helmet "Peoco" {rElec rC- rN+++ rCorr}
  2463 | D:2      | Noticed Robin
  2514 | D:1      | Killed Robin
  2515 | D:1      | Gained mutation: You sometimes gain a little power by
                  | taking damage. [demonic ancestry]
  2515 | D:1      | Reached XP level 4. HP: 24/35 MP: 6/6
  2729 | D:2      | Found a faded altar of an unknown god.
  2879 | D:3      | Noticed a black bear
  2960 | D:2      | Killed a black bear
  2961 | D:2      | Reached XP level 5. HP: 39/42 MP: 7/7
  3155 | D:3      | Gained mutation: You possess an exceptional clarity of
                  | mind. [potion of mutation]
  3155 | D:3      | Gained mutation: You are resistant to electric shocks.
                  | (rElec) [potion of mutation]
  3155 | D:3      | Gained mutation: Your spells are a little harder to cast,
                  | but a little more powerful. [potion of mutation]
  3155 | D:3      | Gained mutation: Your movements are slightly less
                  | encumbered by armour. (ER -2) [potion of mutation]
  3767 | D:3      | Reached skill level 4 in Invocations
  4368 | D:4      | Noticed Menkaure
  5197 | D:4      | Killed Menkaure
  5198 | D:4      | Reached XP level 6. HP: 13/48 MP: 9/9
  5477 | D:5      | Entered Level 5 of the Dungeon
  5477 | D:5      | Noticed a sky beast
  5671 | D:4      | Killed a sky beast
  5672 | D:4      | Reached skill level 5 in Invocations
  5672 | D:4      | Gained mutation: Spells you cast and wands you use may
                  | paralyse nearby enemies. [demonic ancestry]
  5672 | D:4      | Reached XP level 7. HP: 31/55 MP: 10/10
  5912 | D:5      | Noticed Blork the orc
  6101 | D:5      | HP: 2/55 [Blork the orc (2)]
  6101 | D:5      | Mangled by Blork the orc

Illustrated notes

Levels and vault maps discovered:
D:1:      onia_arrival_mini_maze, layout_loops_ring
D:2:      layout_basic, basic_ecumenical_altar, serial_bayou_ford_a, uniq_robin
D:3:      layout_loops_ring
D:4:      layout_loops_ring, uniq_menkaure
D:5:      layout_rooms, old_standard_altar, kennysheep_little_box,
          mainiacjoe_overflow_24_doors, uniq_blork_the_orc

Skill      XL: |  1  2  3  4  5  6 |
---------------+-------------------+-----
Dodging        | 1 2 3 |  3.1
Long Blades    | 2 3 4 |  4.7
Invocations    | 3 4 5 |  5.1
Fighting       | 4 |  4.6
Armour         | |  1.7

Action                   |  1- 3 |  4- 6 |  7- 9 || total
-------------------------+-------+-------+-------++-------
Melee: Falchion          |   138 |   154 |    11 ||   303
Throw: Boomerang         |       |     3 |       ||     3
Invok: Depart the Abyss  |     1 |       |       ||     1
  Use: Potion            |     1 |     7 |       ||     8
       Scroll            |       |     7 |     1 ||     8
Armor: Leather armour    |    44 |    70 |     3 ||   117
Dodge: Dodged            |    87 |   120 |    17 ||   224

Table legend: (Time is in decaauts)
 A = Elapsed time spent in this place.
 B = Non-inter-level travel time spent in this place.
 C = Inter-level travel time spent in this place.
 D = Time resting spent in this place.
 E = Time spent auto-exploring this place.
 F = Levels seen in this place.
 G = Mean time per level.
                   A        B        C        D        E       F      G
               +--------+--------+--------+--------+--------+-----+--------+
         Total |   6155 |   5929 |    226 |   1992 |   3084 |   7 |  879.3 |
       Dungeon |   5846 |   5620 |    226 |   1992 |   2825 |   5 | 1169.2 |
         Abyss |    308 |    308 |      0 |      0 |    259 |   2 |  154.0 |
               +--------+--------+--------+--------+--------+-----+--------+

Top non-repeatable levels by time:
     D:2: 1693 daAuts
     D:4: 1539 daAuts
     D:1: 1386 daAuts
     D:3: 1085 daAuts
 Abyss:1: 256 daAuts
     D:5: 141 daAuts
 Abyss:2: 52 daAuts
